Warning! The script has encountered some errors when parsing the replay. Please report them to the . » details
0x74, prev: 0x61: 16 02 01 00 C8 97 00 00 C8 97 00 00 19 76 61 [74] 6E F3 7D 00 00 F3 7D 00 00
0xF3, prev: 0x74: 16 02 01 00 C8 97 00 00 C8 97 00 00 19 76 61 74 6E [F3] 7D 00 00 F3 7D 00 00
0x00, prev: 0xF3: 16 02 01 00 C8 97 00 00 C8 97 00 00 19 76 61 74 6E F3 7D 00 00 F3 7D [00] 00
0xF3, prev: 0x00: 16 02 01 00 C8 97 00 00 C8 97 00 00 19 76 61 74 6E F3 7D 00 00 [F3] 7D 00 00
General information
- name: BNet
- type: Ladder team game (AT/RT)
- host: Battle.net
- saver: FvckThePolice
map: Mur'gulOasis
- players: 8
- length: 40:01
- speed: Fast
- version: 1.26 W3XP
- replay type: Public
» download(183 KB)
Players
team 1 (winner)
OairfromanusO (
yellow | 35 APM | 1302 actions | 36:52)
4 Tauren Chieftain
2 Endurance Aura
2 Shockwave
» actions
| Assign group hotkey | 63 | |
| Basic commands | 64 | |
| Build / train | 52 | |
| ESC pressed | 2 | |
| Enter build submenu | 18 | |
| Enter hero's abilities submenu | 4 | |
| Give item / drop item | 1 | |
| Remove unit from queue | 1 | |
| Right click | 367 | |
| Select / deselect | 203 | |
| Select group hotkey | 475 | |
| Use ability | 52 | |
1302 total
» units
| Peon | 7 | |
| Grunt | 2 | |
| Troll Headhunter/Berserker | 12 | |
| Demolisher | 8 | |
29 total
» upgrades
| Armor | 2 | |
| Ranged Weapons | 3 | |
| Burning Oil | 1 | |
| Reinforced Defenses | 1 | |
| Berserker Upgrade | 1 | |
| Troll Regeneration | 1 | |
9 total
» buildings
| Altar of Storms | 1 | |
| Orc Burrow | 5 | |
| Barracks | 2 | |
| War Mill | 1 | |
| Voodoo Lounge | 2 | |
| Stronghold | 1 | |
| Watch Tower | 2 | |
| Fortress | 1 | |
| Great Hall | 1 | |
16 total
» build order
00:22 Altar of Storms
00:39 Orc Burrow
01:32 Barracks
02:04 War Mill
02:28 Orc Burrow
03:25 Orc Burrow
04:04 Barracks
05:02 Voodoo Lounge
06:11 Stronghold
06:31 Watch Tower
06:33 Watch Tower
07:10 Orc Burrow
08:22 Voodoo Lounge
10:15 Fortress
12:17 Orc Burrow
22:38 Great Hall
» items
| Healing Salve | 1 | |
| Staff of Teleportation | 1 | |
| Scroll of Town Portal | 2 | |
| Potion of Lesser Invulnerability | 1 | |
| Scroll of Protection | 1 | |
6 total
FvckThePolice (
orange | 40 APM | 1601 actions | 40:01)
10 Archmage
3 Summon Water Elemental
3 Brilliance Aura
1 Mass Teleport
3 Blizzard
» actions
| Assign group hotkey | 43 | |
| Basic commands | 183 | |
| Build / train | 67 | |
| Enter build submenu | 52 | |
| Enter hero's abilities submenu | 10 | |
| Give item / drop item | 8 | |
| Right click | 546 | |
| Select / deselect | 359 | |
| Select group hotkey | 230 | |
| Use ability | 103 | |
1601 total
» units
| Peasant | 13 | |
| Footman | 4 | |
| Gryphon Rider | 8 | |
25 total
» upgrades
| Lumber Harvesting | 2 | |
| Swords | 3 | |
| Armor | 3 | |
| Animal War Training | 1 | |
| Storm Hammers | 1 | |
| Masonry | 3 | |
| Cloud | 1 | |
14 total
» buildings
| Altar of Kings | 1 | |
| Barracks | 1 | |
| Farm | 9 | |
| Arcane Vault | 1 | |
| Keep | 1 | |
| Lumber Mill | 3 | |
| Blacksmith | 2 | |
| Castle | 1 | |
| Gryphon Aviary | 4 | |
| Scout Tower | 24 | |
| Guard Tower | 4 | |
| Town Hall | 2 | |
| Spirit Tower | 1 | |
54 total
» build order
00:41 Altar of Kings
00:50 Barracks
00:51 Farm
00:52 Farm
01:05 Farm
01:31 Farm
02:44 Arcane Vault
03:25 Keep
03:46 Lumber Mill
04:20 Blacksmith
04:24 Blacksmith
05:47 Castle
06:40 Gryphon Aviary
06:42 Gryphon Aviary
06:44 Gryphon Aviary
06:47 Gryphon Aviary
08:17 Farm
08:18 Farm
08:43 Farm
11:44 Scout Tower
11:44 Scout Tower
11:45 Scout Tower
11:45 Scout Tower
11:45 Scout Tower
12:51 Guard Tower
13:21 Town Hall
13:39 Lumber Mill
15:19 Town Hall
16:29 Scout Tower
16:30 Scout Tower
16:30 Scout Tower
16:31 Scout Tower
16:32 Scout Tower
16:33 Scout Tower
17:56 Guard Tower
18:47 Scout Tower
18:49 Scout Tower
18:51 Scout Tower
18:53 Scout Tower
18:56 Scout Tower
18:57 Scout Tower
19:07 Scout Tower
19:08 Scout Tower
19:09 Scout Tower
19:10 Scout Tower
19:11 Scout Tower
19:12 Scout Tower
19:14 Scout Tower
19:30 Guard Tower
19:48 Lumber Mill
20:57 Guard Tower
23:26 Farm
23:27 Farm
30:45 Spirit Tower
» items
| Lesser Clarity Potion | 1 | |
| Scroll of Regeneration | 7 | |
| Periapt of Vitality | 1 | |
| Boots of Speed | 1 | |
10 total
2064265555 (
pink | 22 APM | 883 actions | 40:00)
4 Pandaren Brewmaster
1 Drunken Haze
2 Drunken Brawler
1 Breath of Fire
2 Naga Sea Witch
1 Frost Arrows
1 Forked Lightning
» actions
| Basic commands | 8 | |
| Build / train | 75 | |
| Enter build submenu | 18 | |
| Enter hero's abilities submenu | 6 | |
| Give item / drop item | 4 | |
| Right click | 360 | |
| Select / deselect | 343 | |
| Use ability | 69 | |
883 total
» units
| Acolyte | 14 | |
| Ghoul | 7 | |
| Crypt Fiend | 11 | |
| Obsidian Statue | 4 | |
36 total
» upgrades
| Web | 1 | |
| Burrow | 1 | |
| Destroyer Form | 1 | |
| Creature Attack | 1 | |
| Creature Carapace | 1 | |
| Ghoul Frenzy | 1 | |
6 total
» buildings
| Graveyard | 1 | |
| Ziggurat | 9 | |
| Altar of Darkness | 1 | |
| Crypt | 2 | |
| Tomb of Relics | 1 | |
| Halls of the Dead | 1 | |
| Sacrificial Pit | 1 | |
| Slaughterhouse | 1 | |
| Black Citadel | 1 | |
| Nerubian Tower | 1 | |
| Spirit Tower | 4 | |
23 total
» build order
00:45 Graveyard
00:54 Ziggurat
01:02 Altar of Darkness
01:24 Crypt
01:37 Ziggurat
02:14 Tomb of Relics
02:26 Crypt
03:23 Ziggurat
05:29 Halls of the Dead
07:18 Ziggurat
10:22 Sacrificial Pit
10:25 Slaughterhouse
14:07 Black Citadel
17:30 Ziggurat
17:32 Ziggurat
19:52 Nerubian Tower
19:57 Spirit Tower
21:36 Ziggurat
21:46 Ziggurat
21:50 Ziggurat
27:37 Spirit Tower
27:40 Spirit Tower
27:41 Spirit Tower
» items
| Rod of Necromancy | 1 | |
| Dust of Appearance | 1 | |
| Boots of Speed | 2 | |
| Potion of Mana | 1 | |
| Scroll of Town Portal | 5 | |
| Staff of Teleportation | 2 | |
| Potion of Lesser Invulnerability | 2 | |
| Potion of Invisibility | 1 | |
| Potion of Healing | 2 | |
| Mechanical Critter | 1 | |
18 total
TinaTina420 (
blue | 21 APM | 521 actions | 24:52)
5 Death Knight
2 Death Coil
3 Unholy Aura
2 Lich
1 Frost Nova
1 Frost Armor
» actions
| Assign group hotkey | 18 | |
| Basic commands | 52 | |
| Build / train | 46 | |
| ESC pressed | 1 | |
| Enter build submenu | 12 | |
| Enter hero's abilities submenu | 7 | |
| Remove unit from queue | 1 | |
| Right click | 166 | |
| Select / deselect | 134 | |
| Select group hotkey | 60 | |
| Use ability | 24 | |
521 total
» units
| Acolyte | 7 | |
| Ghoul | 3 | |
| Crypt Fiend | 17 | |
27 total
» upgrades
| Creature Attack | 3 | |
| Creature Carapace | 3 | |
6 total
» buildings
| Graveyard | 2 | |
| Crypt | 1 | |
| Ziggurat | 6 | |
| Altar of Darkness | 2 | |
| Halls of the Dead | 1 | |
| Black Citadel | 1 | |
| Sacrificial Pit | 1 | |
14 total
» build order
00:09 Graveyard
00:19 Crypt
00:44 Ziggurat
01:08 Altar of Darkness
01:11 Altar of Darkness
01:14 Ziggurat
01:31 Graveyard
04:01 Halls of the Dead
04:34 Ziggurat
05:43 Ziggurat
07:37 Black Citadel
07:45 Sacrificial Pit
12:58 Ziggurat
16:02 Ziggurat
» items
team 2 (loser)

»
Retributi0n (
teal | 63 APM | 796 actions | 12:36)
4 Goblin Alchemist
2 Acid Bomb
2 Healing Spray
2 Shadow Hunter
1 Healing Wave
1 Serpent Ward
» actions
| Assign group hotkey | 33 | |
| Basic commands | 31 | |
| Build / train | 49 | |
| ESC pressed | 2 | |
| Enter build submenu | 18 | |
| Enter hero's abilities submenu | 6 | |
| Right click | 286 | |
| Select / deselect | 177 | |
| Select group hotkey | 135 | |
| Select subgroup | 2 | |
| Use ability | 57 | |
796 total
» units
| Peon | 13 | |
| Grunt | 5 | |
| Troll Headhunter/Berserker | 1 | |
| Kodo Beast | 2 | |
| Spirit Walker | 1 | |
22 total
» upgrades
| Melee Weapons | 1 | |
| Berserker Strength | 1 | |
| Troll Regeneration | 1 | |
| Spirit Walker Training | 1 | |
| Ensnare | 1 | |
| Pillage | 1 | |
| Spiked Barricades | 1 | |
7 total
» buildings
| Altar of Storms | 1 | |
| Orc Burrow | 5 | |
| Barracks | 2 | |
| Voodoo Lounge | 2 | |
| War Mill | 1 | |
| Stronghold | 1 | |
| Spirit Lodge | 2 | |
| Beastiary | 1 | |
| Watch Tower | 3 | |
| Fortress | 4 | |
22 total
» build order
00:09 Altar of Storms
00:25 Orc Burrow
01:24 Barracks
01:34 Voodoo Lounge
01:54 Orc Burrow
03:03 War Mill
03:21 Stronghold
04:01 Orc Burrow
04:55 Voodoo Lounge
05:15 Barracks
06:56 Spirit Lodge
06:59 Beastiary
07:21 Orc Burrow
08:11 Watch Tower
08:15 Watch Tower
08:19 Watch Tower
09:35 Orc Burrow
10:03 Spirit Lodge
11:27 Fortress
11:27 Fortress
11:27 Fortress
» items
| Healing Salve | 1 | |
| Circlet of Nobility | 2 | |
| Lesser Clarity Potion | 2 | |
| Scroll of Town Portal | 1 | |
| Boots of Speed | 1 | |
7 total
Frister (
red | 51 APM | 1641 actions | 32:27)
6 Priestess of the Moon
3 Trueshot Aura
2 Searing Arrows
1 Starfall
» actions
| Assign group hotkey | 133 | |
| Build / train | 62 | |
| Enter build submenu | 18 | |
| Enter hero's abilities submenu | 6 | |
| Right click | 1037 | |
| Select / deselect | 291 | |
| Select group hotkey | 55 | |
| Use ability | 39 | |
1641 total
» units
| Wisp | 14 | |
| Archer | 3 | |
| Huntress | 3 | |
| Dryad | 17 | |
| Demolisher | 7 | |
44 total
» upgrades
| Ultravision | 1 | |
| Strength of the Wild | 3 | |
| Reinforced Hides | 3 | |
| Abolish Magic | 1 | |
| Nature's Blessing | 1 | |
9 total
» buildings
| Altar of Elders | 1 | |
| Moon Well | 7 | |
| Ancient of War | 1 | |
| Hunter's Hall | 1 | |
| Ancient of Wonders | 1 | |
| Tree of Ages | 1 | |
| Ancient of Lore | 3 | |
| Ancient Protector | 1 | |
| Tree of Eternity | 1 | |
17 total
» build order
00:11 Altar of Elders
00:14 Moon Well
01:08 Ancient of War
01:33 Moon Well
02:22 Hunter's Hall
02:35 Ancient of Wonders
03:21 Tree of Ages
03:59 Moon Well
05:01 Moon Well
06:23 Ancient of Lore
06:25 Ancient of Lore
06:26 Ancient of Lore
07:18 Moon Well
13:54 Moon Well
14:18 Ancient Protector
15:57 Tree of Eternity
18:02 Moon Well
tony-romo-best- (
purple | 69 APM | 2768 actions | 40:00)
8 Blademaster
3 Wind Walk
3 Critical Strike
1 Bladestorm
1 Mirror Image
» actions
| Assign group hotkey | 48 | |
| Basic commands | 36 | |
| Build / train | 57 | |
| Enter build submenu | 19 | |
| Enter hero's abilities submenu | 9 | |
| Give item / drop item | 10 | |
| Right click | 1407 | |
| Select / deselect | 219 | |
| Select group hotkey | 817 | |
| Use ability | 146 | |
2768 total
» units
» upgrades
| Reinforced Defenses | 1 | |
| Envenomed Spears | 1 | |
| Ranged Weapons | 1 | |
| Armor | 1 | |
| Melee Weapons | 1 | |
| Pillage | 1 | |
6 total
» buildings
| Altar of Storms | 1 | |
| Orc Burrow | 8 | |
| Voodoo Lounge | 2 | |
| Stronghold | 1 | |
| War Mill | 1 | |
| Beastiary | 2 | |
| Fortress | 2 | |
| Watch Tower | 29 | |
| Great Hall | 3 | |
49 total
» build order
00:13 Altar of Storms
00:21 Orc Burrow
00:47 Voodoo Lounge
02:09 Stronghold
02:36 War Mill
03:08 Orc Burrow
03:09 Orc Burrow
03:10 Orc Burrow
04:34 Beastiary
04:36 Beastiary
04:58 Fortress
04:58 Fortress
08:20 Watch Tower
08:20 Watch Tower
08:22 Watch Tower
08:22 Watch Tower
08:24 Watch Tower
08:24 Watch Tower
11:58 Orc Burrow
11:58 Orc Burrow
12:45 Watch Tower
12:45 Watch Tower
12:45 Watch Tower
12:47 Watch Tower
12:47 Watch Tower
12:47 Watch Tower
12:48 Watch Tower
14:29 Watch Tower
14:30 Watch Tower
14:30 Watch Tower
14:30 Watch Tower
14:31 Watch Tower
14:31 Watch Tower
14:31 Watch Tower
14:46 Orc Burrow
16:45 Watch Tower
16:45 Watch Tower
16:45 Watch Tower
18:18 Orc Burrow
21:34 Great Hall
23:28 Great Hall
23:31 Watch Tower
23:31 Watch Tower
23:32 Watch Tower
23:32 Watch Tower
23:39 Watch Tower
23:39 Watch Tower
26:11 Voodoo Lounge
30:22 Great Hall
» items
| Healing Salve | 4 | |
| Lesser Clarity Potion | 2 | |
| Orb of Lightning | 1 | |
| Potion of Mana | 1 | |
| Staff of Teleportation | 2 | |
| Boots of Speed | 1 | |
| Potion of Healing | 1 | |
12 total

»
Jams (
green | 48 APM | 591 actions | 12:17)
2 Far Seer
1 Feral Spirit
1 Chain Lighting
» actions
| Assign group hotkey | 10 | |
| Basic commands | 19 | |
| Build / train | 34 | |
| ESC pressed | 1 | |
| Enter build submenu | 16 | |
| Enter hero's abilities submenu | 2 | |
| Remove unit from queue | 3 | |
| Right click | 286 | |
| Select / deselect | 138 | |
| Select group hotkey | 40 | |
| Use ability | 42 | |
591 total
» units
» upgrades
» buildings
| Orc Burrow | 5 | |
| Altar of Storms | 1 | |
| Voodoo Lounge | 1 | |
| Barracks | 1 | |
| War Mill | 1 | |
| Watch Tower | 4 | |
| Stronghold | 1 | |
| Spirit Lodge | 2 | |
| Beastiary | 1 | |
17 total
» build order
00:13 Orc Burrow
00:21 Altar of Storms
00:43 Voodoo Lounge
01:46 Barracks
02:16 Orc Burrow
03:23 Orc Burrow
03:34 War Mill
04:20 Orc Burrow
06:25 Watch Tower
07:12 Stronghold
08:16 Orc Burrow
08:27 Watch Tower
08:28 Watch Tower
10:05 Watch Tower
10:13 Spirit Lodge
10:13 Spirit Lodge
10:19 Beastiary
» items
| Healing Salve | 2 | |
| Lesser Clarity Potion | 2 | |
| Scroll of Speed | 1 | |
| Scroll of Town Portal | 1 | |
6 total
Chat log
(00:08 / All) tony-romo-best-: I LIKE MEN
(00:22 / All) 2064265555: WE LIKE BEER!!!
(00:24 / All) FvckThePolice: In waht way
(00:24 / All) TinaTina420: i like tony romo!
(00:27 / All) TinaTina420: and beer!
(00:30 / All) OairfromanusO: I like ass-holes
(00:30 / All) tony-romo-best-: tony romo is apro
(00:38 / All) FvckThePolice: I like turtles
(00:57 / All) Jams: i like horseshoes
(01:05 / All) OairfromanusO: I like Toilet
(01:24 / All) OairfromanusO: Toilet provides us with pleasures beyond words
(01:53 / All) OairfromanusO: Toilet provides us with: Food, Shelter, and Air
(02:22 / All) OairfromanusO: Toilet is where life begins and ends
(02:25 / All) FvckThePolice: I fucking hate lizards
(03:14 / All) OairfromanusO: next time u went to take a joy ride in the bathroom, be glad u have a toilet
(03:30 / All) tony-romo-best-: wut r u guys talking about over there
(03:43 / All) OairfromanusO: toilets
(03:53 / All) 2064265555: wonder which one ofyou gives the best rim job
(04:05 / All) Jams: ooh i hope its me
(04:32 / All) 2064265555: an absolutely underated sexual activity
(04:50 / Allies) TinaTina420: what is that exactly
(05:07 / All) 2064265555: its very very good
(05:14 / Allies) TinaTina420: ok lol
(05:16 / Allies) TinaTina420: that doesnt help
(05:18 / Allies) TinaTina420: please explain
(07:24 / Allies) FvckThePolice: tower
(07:24 / Allies) FvckThePolice: tower
(07:52 / All) FvckThePolice: green is you serious nigga?
(08:02 / Allies) TinaTina420: back
(08:09 / All) FvckThePolice: you tped to your own base LOL?
(08:28 / Allies) TinaTina420: all come
(08:31 / Allies) TinaTina420: we need to get reds
(08:31 / Allies) FvckThePolice: lumbers?
(09:56 / Allies) TinaTina420: no
(09:57 / Allies) TinaTina420: no
(10:01 / Allies) OairfromanusO: gtfo
(10:30 / Allies) FvckThePolice: lumbers?
(12:16 / All) FvckThePolice: green is da best
(12:17 / All) FvckThePolice: da best
(12:31 / All) Retributi0n: lame
(13:18 / All) TinaTina420: gg
(13:51 / Allies) FvckThePolice: lumbers?
(17:14 / Allies) TinaTina420: i must buy tp
(17:25 / Allies) TinaTina420: fuck
(18:05 / Allies) 2064265555: back blue
(18:36 / Allies) FvckThePolice: go ahead and give your lumber
(19:29 / Allies) TinaTina420: i have no acos
(19:31 / Allies) TinaTina420: dont try to save me
(19:53 / Allies) FvckThePolice: hadn't planned on it
(20:39 / All) FvckThePolice: Green and red both in the running for world's dumbest newbie
(22:04 / All) FvckThePolice: Pink takes the cake, I think
(26:31 / All) FvckThePolice: lol
(26:40 / All) OairfromanusO: free win for me, going afk
(26:41 / All) FvckThePolice: Yellow suicided
(26:52 / All) OairfromanusO: Toilet time
(26:56 / All) FvckThePolice: He struck the Lord and God of the game
(31:17 / All) FvckThePolice: Stand and fight like a man, you yellar belly
(32:10 / All) OairfromanusO: back, dang this tard still here?
(32:18 / All) OairfromanusO: ok son, win this for me
(32:31 / All) FvckThePolice: Oh dear
(32:33 / All) FvckThePolice: This means you lose yellow
(33:24 / Allies) FvckThePolice: tough break, yellow
(34:33 / Allies) FvckThePolice: It's really too bad, I had high hopes for you guys
(34:38 / Allies) FvckThePolice: World record standoff
(35:44 / All) tony-romo-best-: im up in ur grill
(35:56 / All) FvckThePolice: As long as you don't strike your lord you shan't offend
(36:40 / All) tony-romo-best-: i still cant get that ugly chick out of my mind
(36:43 / All) tony-romo-best-: the chick on the porno
(36:45 / All) tony-romo-best-: jesus
(36:46 / All) OairfromanusO: told u he would take the bait, cause he is my son
(36:51 / All) OairfromanusO: later
(37:12 / All) FvckThePolice: I wonder waht yellow's cryptic message meant
(38:39 / All) tony-romo-best-: reinforcements
(38:56 / All) FvckThePolice: Whites win
(39:06 / All) FvckThePolice: Go back to Africa
(39:08 / All) tony-romo-best-: i strike my lord now
(39:33 / All) FvckThePolice: pink's got a shade there :)
(39:39 / All) tony-romo-best-: i see
(39:54 / All) FvckThePolice: >:)>